 Dungeon Crawl Stone Soup version 0.25-a0-1015-g4819203062 (webtiles) character file.

Game seed: 9392761513010123692, levelgen mode: deterministic

125 Essalna the Magician (level 5, -5/37 HPs)
             Began as a Gnoll Wizard on May 12, 2020.
             Killed by nerve-wracking pain
             ... invoked by Grinder
              (9 damage)
             ... on level 3 of the Dungeon.
             The game lasted 00:04:58 (2562 turns).

Essalna the Magician (Gnoll Wizard)                 Turns: 2562, Time: 00:04:59

Health: -5/37      AC:  3    Str: 12    XL:     5   Next: 9%
Magic:  5/14       EV: 14    Int: 21    God:
Gold:   118        SH:  0    Dex: 13    Spells: 15/18 levels left

rFire    . . .     SeeInvis .   f - +1 whip (flame)
rCold    . . .     Gourm    .   (no shield)
rNeg     . . .     Faith    .   g - +0 leather armour
rPois    .         Spirit   .   b - +0 hat
rElec    .         Reflect  .   (no cloak)
rCorr    .         Harm     .   (no gloves)
MR       .....                  (no boots)
Stlth    ++........             (no amulet)
HPRegen  0.12/turn              l - +2 ring of strength
MPRegen  0.14/turn              (no ring)

@: no status effects
A: distributed training, fangs 1, strong nose
a: no special abilities


You were on level 3 of the Dungeon.
You were hungry.

You visited 1 branch of the dungeon, and saw 3 of its levels.

You collected 118 gold pieces.

Inventory:

Hand Weapons
 f - a +1 whip of flaming (weapon)
 i - a -1 spear
Armour
 a - a +0 robe
 b - a +0 hat (worn)
 g - a +0 leather armour (worn)
Jewellery
 l - a +2 ring of strength (left hand)
Wands
 c - a wand of flame (8)
Scrolls
 h - 2 scrolls of identify
 k - 2 scrolls of fog
 o - 4 scrolls of blinking {unknown}
 p - 2 scrolls of magic mapping {unknown}
 r - a scroll of enchant weapon {unknown}
Potions
 e - a potion of curing
 j - a potion of mutation
 m - 2 potions of cancellation {unknown}
 q - a potion of magic {unknown}
Comestibles
 d - 2 rations


   Skills:
 + Level 1.3 Fighting
 + Level 1.3 Short Blades
 + Level 1.3 Long Blades
 + Level 1.3 Axes
 + Level 1.3 Maces & Flails
 + Level 1.3 Polearms
 + Level 1.3 Staves
 + Level 1.3 Slings
 + Level 1.3 Bows
 + Level 1.3 Crossbows
 + Level 1.3 Throwing
 + Level 1.3 Armour
 + Level 4.7 Dodging
 + Level 4.3 Stealth
 + Level 1.3 Shields
 + Level 1.3 Unarmed Combat
 + Level 7.2 Spellcasting
 + Level 2.3 Conjurations
 + Level 1.0 Hexes
 + Level 1.0 Charms
 + Level 2.3 Summonings
 + Level 1.0 Necromancy
 + Level 2.3 Translocations
 + Level 1.0 Transmutations
 + Level 1.0 Fire Magic
 + Level 1.0 Ice Magic
 + Level 1.0 Air Magic
 + Level 1.0 Earth Magic
 + Level 1.0 Poison Magic
 + Level 1.4 Invocations
 + Level 1.3 Evocations


You had 15 spell levels left.
You knew the following spells:

 Your Spells              Type           Power        Failure   Level  Hunger
a - Magic Dart            Conj           ###.         4%          1    None
b - Call Imp              Summ           ###.....     6%          2    None

Your spell library contained the following spells:

 Spells                   Type           Power        Failure   Level  Hunger
 Blink                    Tloc           N/A          6%          2    None
 Slow                     Hex            ##......     11%         2    None
 Conjure Flame            Conj/Fire      ##......     16%         3    None
 Mephitic Cloud           Conj/Pois/Air  ##......     19%         3    None


Dungeon Overview and Level Annotations

Branches:
Dungeon (3/15)

Altars:
Ru

Annotations:
D:2 Terence
D:3 Grinder


Innate Abilities, Weirdness & Mutations

Your experience applies equally to all skills.
You have very sharp teeth.
Your uncanny sense of smell can sniff out nearby items.


Message History

A beastly little devil appears in a puff of flame.
Grinder drinks a potion.
Grinder seems to grow stronger.
Casting: Call Imp (safe; 6% risk of failure)
Confirm with . or Enter, or press ? or * to list all spells.
A beastly little devil appears in a puff of frigid air.
Your white imp says, "Let's spread destruction!"
Grinder hits you!
You writhe in agony.
Your crimson imp barely misses Grinder.
Your crimson imp hits Grinder.
Your crimson imp disappears in a puff of smoke!
Your crimson imp disappears in a puff of smoke!
Grinder hits you!
* * * LOW HITPOINT WARNING * * *
You writhe in agony.
* * * LOW HITPOINT WARNING * * *
Your crimson imp misses Grinder.
Your crimson imp blinks!
There is a stone staircase leading up, spattered with blood here.
Grinder gestures at you. Pain shoots through your body!
You die...

....... ..§..
... #'# #S#
###r#####
#..5S...#
#..55##.###
#.§§.<@...#
#§#######.# #.
#.#∆ #. #.# ..
#.# # #.# ∆ #.
#.#
#.#######.#
####.........#


You could see Grinder (strong), a friendly crimson imp (summoned) and a friendly
white imp (summoned).

Vanquished Creatures
  Jessica (D:2)
  Natasha (twice) (D:2)
  An ooze (D:2)
  A dart slug (D:1)
  2 leopard geckos
  2 giant cockroaches
  7 hobgoblins
  6 kobolds
  6 bats
  3 goblins
  4 rats
35 creatures vanquished.

Vanquished Creatures (collateral kills)
  An adder (D:3)
1 creature vanquished.

Grand Total: 36 creatures vanquished

Notes
Turn   | Place    | Note
-------+----------+-------------------------------------------
     0 | D:1      | Essalna the Gnoll Wizard began the quest for the Orb.
     0 | D:1      | Reached XP level 1. HP: 13/13 MP: 8/8
   535 | D:1      | Reached XP level 2. HP: 13/19 MP: 5/10
  1365 | D:2      | Reached XP level 3. HP: 25/25 MP: 7/11
  1472 | D:2      | Found a sacrificial altar of Ru.
  1598 | D:2      | Noticed Natasha
  1607 | D:2      | Killed Natasha
  1607 | D:2      | Reached skill level 1 in Invocations
  1609 | D:2      | Noticed Natasha
  1614 | D:2      | Noticed Jessica
  1751 | D:2      | Reached skill level 1 in Fighting
  1751 | D:2      | Reached skill level 1 in Short Blades
  1751 | D:2      | Reached skill level 1 in Long Blades
  1751 | D:2      | Reached skill level 1 in Axes
  1751 | D:2      | Reached skill level 1 in Maces & Flails
  1751 | D:2      | Reached skill level 1 in Polearms
  1751 | D:2      | Reached skill level 1 in Staves
  1751 | D:2      | Reached skill level 1 in Slings
  1751 | D:2      | Reached skill level 1 in Bows
  1751 | D:2      | Reached skill level 1 in Crossbows
  1751 | D:2      | Reached skill level 1 in Throwing
  1751 | D:2      | Reached skill level 1 in Armour
  1751 | D:2      | Reached skill level 1 in Shields
  1751 | D:2      | Reached skill level 1 in Unarmed Combat
  1751 | D:2      | Reached skill level 1 in Evocations
  1870 | D:2      | Killed Natasha
  1870 | D:2      | Reached XP level 4. HP: 32/32 MP: 4/13
  1981 | D:2      | Killed Jessica
  1981 | D:2      | Reached skill level 1 in Hexes
  1981 | D:2      | Reached skill level 1 in Charms
  1981 | D:2      | Reached skill level 1 in Necromancy
  1981 | D:2      | Reached skill level 1 in Transmutations
  1981 | D:2      | Reached skill level 1 in Fire Magic
  1981 | D:2      | Reached skill level 1 in Ice Magic
  1981 | D:2      | Reached skill level 1 in Air Magic
  1981 | D:2      | Reached skill level 1 in Earth Magic
  1981 | D:2      | Reached skill level 1 in Poison Magic
  2094 | D:2      | Noticed Terence
  2154 | D:2      | Learned a level 2 spell: Call Imp
  2200 | D:3      | Reached XP level 5. HP: 37/37 MP: 11/14
  2545 | D:3      | Noticed Grinder
  2550 | D:3      | Paralysed by Grinder for 7 turns
  2562 | D:3      | Killed from afar by Grinder

Illustrated notes

Levels and vault maps discovered:
D:1:      lightli_arrival_chessboard, layout_loops_corners, serial_glass,
          glass_columns_a, glass_columns_b
D:2:      layout_loops_ring, nicolae_ru_path_of_blood, uniq_jessica,
          uniq_terence, uniq_natasha
D:3:      minmay_razor_zed, layout_loops_corners, bloody_makhleb,
          minmay_quadrilaterals, uniq_grinder

Skill      XL: |  1  2  3  4 |
---------------+-------------+-----
Conjurations   | 2 |  2.3
Summonings     | 2 |  2.3
Translocations | 2 |  2.3
Invocations    | 1 |  1.4
Fighting       | 1 |  1.3
Short Blades   | 1 |  1.3
Long Blades    | 1 |  1.3
Axes           | 1 |  1.3
Maces & Flails | 1 |  1.3
Polearms       | 1 |  1.3
Staves         | 1 |  1.3
Slings         | 1 |  1.3
Bows           | 1 |  1.3
Crossbows      | 1 |  1.3
Throwing       | 1 |  1.3
Armour         | 1 |  1.3
Shields        | 1 |  1.3
Unarmed Combat | 1 |  1.3
Evocations     | 1 |  1.3
Hexes          | 1 |  1.0
Charms         | 1 |  1.0
Necromancy     | 1 |  1.0
Transmutations | 1 |  1.0
Fire Magic     | 1 |  1.0
Ice Magic      | 1 |  1.0
Air Magic      | 1 |  1.0
Earth Magic    | 1 |  1.0
Poison Magic   | 1 |  1.0
Dodging        | |  4.7
Stealth        | |  4.3
Spellcasting   | |  7.2

Action                   |  1- 3 |  4- 6 || total
-------------------------+-------+-------++-------
Melee: Spear             |    25 |    11 ||    36
       Bite              |     1 |       ||     1
       Whip              |       |     3 ||     3
 Cast: Magic Dart        |    60 |    19 ||    79
       Call Imp          |       |     7 ||     7
  Use: Scroll            |     1 |     3 ||     4
       Potion            |     1 |       ||     1
 Stab: Sleeping          |     2 |       ||     2
  Eat: Chunk             |     3 |     1 ||     4
Armor: Leather armour    |     5 |     5 ||    10
Dodge: Dodged            |    22 |    13 ||    35

Table legend:
 A = Non-vault XP
 B = Vault XP
 C = Vault XP percentage of total XP
 D = Non-vault monster count
 E = Vault monster count
 F = Vault count percentage of total count
                 A         B        C        D         E       F
            +---------+---------+-------+---------+---------+-------
      Total |     105 |      74 |  41.3 |      33 |       3 |   8.3
            +---------+---------+-------+---------+---------+-------
        D:1 |      30 |       0 |   0.0 |      16 |       0 |   0.0
        D:2 |      60 |      72 |  54.5 |      12 |       2 |  14.3
        D:3 |      15 |       2 |  11.8 |       5 |       1 |  16.7
            +---------+---------+-------+---------+---------+-------
